 Dungeon Crawl Stone Soup version 0.29-a0-472-ge5599a681e (webtiles) character file.

Game seed: 2269869618711756896

432925 spiderkeys the Slayer (level 23, -2/344 (352) HPs)
             Began as an Ogre Abyssal Knight on May 22, 2022.
             Was a High Priest of Lugonu.
             Slain by a death knight
             ... wielding a +2 vorpal battleaxe
              (6 damage)
             ... on level 1 of the Abyss on May 23, 2022.
             The game lasted 03:30:00 (71686 turns).

spiderkeys the Slayer (Ogre Abyssal Knight)        Turns: 71686, Time: 03:30:01

HP:   -2/344 (352)  AC: 29    Str: 23    XL:     23   Next: 95%
MP:   25/46         EV: 14    Int: 19    God:    Lugonu [*****.]
Gold: 3256          SH:  5    Dex:  9    Spells: 2/42 levels left

rFire   . . .      SeeInvis .   v - +9 giant spiked club (spect)
rCold   + . .      Faith    .   (shield currently unavailable)
rNeg    + . .      Spirit   .   (body armour currently unavailable)
rPois   ∞          Reflect  +   L - +0 hat of Understanding {Fly}
rElec   +          Harm     .   c - +2 cloak {rC+}
rCorr   .          Rampage  .   (gloves unavailable)
Will    +++..                   (boots unavailable)
Stlth   +.........              f - amulet of reflection
HPRegen 0.67/turn               a - ring of Dishonesty {rElec Will+ MP+9}
MPRegen 0.30/turn               P - ring of poison resistance

@: statue-form, flying, studying 2 skills, lightly drained, very slow
A: slow and powerful, torment resistance 1, boosted hp, large, unfitting armour,
(tough skin 1)
}: 2/15 runes: serpentine, barnacled
a: End Transformation, Renounce Religion, Depart the Abyss, Bend Space, Banish,
Corrupt, Enter the Abyss


You were on level 1 of the Abyss.
You worshipped Lugonu.
Lugonu was extremely pleased with you.
You were a living statue of rough stone.
You visited 8 branches of the dungeon, and saw 39 of its levels.
You visited the Abyss 3 times.
You visited 1 bazaar.
You also visited: Ice Cave and Volcano.

You collected 5180 gold pieces.
You spent 1924 gold pieces at shops.


Innate Abilities, Weirdness & Mutations

You are a living statue of rough stone.
Your actions are slow, but your melee attacks are powerful.
You are resistant to unholy torment.
Your maximum health is greatly increased.
You are immune to poison.
Your equipment is partially melded.
You are too large for most types of armour.
((You have tough skin. (AC +1)))


   Skills:
 + Level 24.1 Fighting
 - Level 16.4 Maces & Flails
 - Level 8.3 Polearms
 - Level 15.8 Dodging
 - Level 8.0 Shields
 - Level 10.0 Spellcasting
 - Level 8.2 Conjurations
 - Level 11.0 Translocations
 * Level 12.0 Transmutations
 * Level 12.0 Earth Magic
 - Level 5.0 Poison Magic
 - Level 9.0 Invocations


You had 2 spell levels left.
You knew the following spells:

 Your Spells              Type           Power      Damage    Failure   Level
d - Dazzling Flash        Conj/Hex       50%        N/A       4%          3
g - Passage of Golubria   Tloc           50%        N/A       1%          4
i - Irradiate             Conj/Tmut      24%        3d21      3%          5
l - Lesser Beckoning      Tloc           50%        N/A       1%          3
m - Manifold Assault      Tloc           50%        N/A       2%          5
o - Olgreb's Toxic Radia  Pois           28%        N/A       10%         4
p - Poisonous Vapours     Pois/Air       38%        N/A       4%          2
s - Statue Form           Tmut/Erth      35%        N/A       9%          6
t - Teleport Other        Tloc           50%        N/A       1%          3
G - Gell's Gravitas       Tloc           50%        N/A       1%          3
P - Passwall              Tmut/Erth      44%        N/A       1%          2

Your spell library contained the following spells:

 Spells                   Type           Power      Damage    Failure   Level
 Apportation              Tloc           100%       N/A       1%          1
 Foxfire                  Conj/Fire      100%       2x1d9     1%          1
 Magic Dart               Conj           100%       1d8       1%          1
 Shock                    Conj/Air       100%       1d9       1%          1
 Sting                    Tmut/Pois      100%       1d8       1%          1
 Blink                    Tloc           100%       N/A       1%          2
 Searing Ray              Conj           80%        2d7       1%          2
 Wereblood                Tmut           53%        N/A       1%          2
 Freeze                   Ice            36%        1d6       8%          1
 Necrotize                Necr           36%        1d5       8%          1
 Ensorcelled Hibernation  Hex/Ice        18%        N/A       11%         2
 Sublimation of Blood     Necr           9%         N/A       11%         2
 Stone Arrow              Conj/Erth      96%        3d13      1%          3
 Petrify                  Tmut/Erth      53%        N/A       1%          4
 Blade Hands              Tmut           26%        N/A       1%          5
 Portal Projectile        Hex/Tloc       60%        N/A       2%          3
 Animate Armour           Summ/Erth      64%        N/A       6%          4
 Alistair's Intoxication  Tmut/Pois      27%        N/A       6%          5
 Fulminant Prism          Conj/Hex       12%        3d9       14%         4
 Hailstorm                Conj/Ice       25%        3d7       14%         4
 Borgnjor's Vile Clutch   Necr/Erth      16%        N/A       17%         5
 Frozen Ramparts          Ice            18%        1d3       22%         3
 Ozocubu's Armour         Ice            9%         N/A       22%         3
 Swiftness                Air            9%         N/A       22%         3
 Tukima's Dance           Hex            9%         N/A       22%         3
 Vampiric Draining        Necr           9%         2d6       22%         3
 Summon Forest            Summ/Tloc      15%        N/A       22%         5
 Dragon Form              Tmut           26%        N/A       41%         7
 Freezing Cloud           Conj/Ice/Air   9%         6-21      56%         5
 Airstrike                Air            4%         N/A       58%         4
 Animate Dead             Necr           9%         N/A       58%         4
 Agony                    Necr           9%         N/A       90%         5
 Metabolic Englaciation   Hex/Ice        4%         N/A       90%         5
 Silence                  Hex/Air        4%         N/A       90%         5
 Summon Mana Viper        Hex/Summ       9%         N/A       90%         5
 Death Channel            Necr           4%         N/A       100%        6
 Simulacrum               Ice/Necr       4%         N/A       100%        6
 Summon Cactus Giant      Summ           4%         N/A       100%        6
 Malign Gateway           Summ/Tloc      15%        N/A       100%        7
 Ozocubu's Refrigeration  Ice            4%         4d5       100%        7
 Summon Hydra             Summ           4%         N/A       100%        7
 Borgnjor's Revivificati  Necr           4%         N/A       100%        8
 Lehudib's Crystal Spear  Conj/Erth      24%        10d7      100%        8
 Necromutation            Tmut/Necr      16%        N/A       100%        8
 Summon Horrible Things   Summ           4%         N/A       100%        8
 Death's Door             Necr           4%         N/A       100%        9
 Fire Storm               Conj/Fire      12%        8d3       100%        9
 Polar Vortex             Ice            4%         N/A       100%        9

Inventory:

Hand Weapons
 k - a +9 demon whip of distortion
   (You took it off Amaemon on level 8 of the Dungeon)
 v - a +9 spectral giant spiked club (weapon)
   (You acquired it on level 11 of the Dungeon)
 S - the +8 falchion of a ziggurat {vorpal, rElec rF+++ Str-3 Stlth-}
   (You found it on level 3 of the Snake Pit)

   It inflicts extra damage upon your enemies.
   Str:       It affects your strength (-3).
   rF:        It renders you almost immune to fire.
   rElec:     It insulates you from electricity.
   Stlth:     It makes you less stealthy.
Missiles
 l - 35 large rocks {=f}
 u - 25 boomerangs
 M - 8 silver javelins
 Q - 6 curare-tipped darts {=f}
Armour
 c - a +2 cloak of cold resistance (worn)
   (You found it in an ice cave)
 s - a +2 kite shield of reflection
   (You took it off a naga warrior on level 3 of the Snake Pit)
 K - the +5 kite shield "Rugryn" {rF+ rN+}
   (You took it off Donald on level 1 of the Vaults)

   rF:        It protects you from fire.
   rN:        It protects you from negative energy.
 L - the +0 hat of Understanding (worn) {Fly}
   (You acquired it on level 4 of the Snake Pit)

   Fly:       It grants you flight.
 N - a +4 troll leather armour (melded)
   (You found it on level 14 of the Dungeon)
 O - a +0 kite shield of cold resistance
   (You found it in an ice cave)
Jewellery
 a - the ring of Dishonesty (left fist) {rElec Will+ MP+9}
   (You acquired it on level 12 of the Dungeon)

   [ring of willpower]

   rElec:     It insulates you from electricity.
   MP:        It affects your magic capacity (+9).
   Will:      It increases your willpower.
 f - an amulet of reflection (around neck)
   (You found it on level 2 of the Dungeon)
 g - an amulet of regeneration
   (You found it on level 5 of the Dungeon)
 F - a ring of protection from fire
   (You found it on level 13 of the Dungeon)
 P - a ring of poison resistance (right fist)
   (You found it in an ice cave)
 X - the ring "Ovimaor" {Str+2 SInv}
   (You took it off a deep elf annihilator on level 3 of the Elven Halls)

   [ring of see invisible]

   Str:       It affects your strength (+2).
   SInv:      It lets you see invisible.
Wands
 n - a wand of iceblast (2)
   (You took it off a deep elf pyromancer on level 3 of the Elven Halls)
 w - a wand of paralysis (15)
   (You found it on level 1 of the Snake Pit)
 y - a wand of acid (9)
   (You took it off a goblin on level 4 of the Dungeon)
 C - a wand of flame (9)
   (You found it on level 3 of the Elven Halls)
 W - a wand of digging (5)
   (You found it on level 15 of the Dungeon)
Scrolls
 b - 6 scrolls of vulnerability {!r!r}
 d - 17 scrolls of teleportation {@r4}
 e - 5 scrolls of silence {!r}
 j - 10 scrolls of poison {!r}
 m - 3 scrolls of magic mapping {!r}
 p - a scroll of torment {!r}
 x - 4 scrolls of immolation {!r!r}
 D - 5 scrolls of fear
 E - 2 scrolls of summoning
 T - 3 scrolls of fog
Potions
 h - 8 potions of haste {@q3}
 o - 4 potions of ambrosia
 q - 10 potions of curing {@q1}
 t - 4 potions of cancellation
 z - 10 potions of might
 A - 15 potions of attraction {!q}
 B - 7 potions of lignification {!q}
 G - 6 potions of mutation {!q}
 I - 12 potions of brilliance
 R - 3 potions of magic
 V - 4 potions of resistance
 Z - 2 potions of invisibility
Miscellaneous
 i - a phantom mirror
   (You found it on level 3 of the Elven Halls)
 J - a phial of floods
   (You found it on level 4 of the Shoals)
 U - a condenser vane
   (You found it on level 3 of the Vaults)
 Y - a tin of tremorstones (2/2)
   (You found it on level 14 of the Dungeon)

Dungeon Overview and Level Annotations

Branches:
Dungeon (15/15)            Temple (0/1) D:7            Lair (6/6) D:11
 Shoals (4/4) Lair:4        Snake (4/4) Lair:3        Slime (0/5) Lair:6
    Orc (2/2) D:12            Elf (3/3) Orc:2        Vaults (4/5) D:14
  Crypt (1/3) Vaults:3     Depths (0/4) D:15          IceCv (visited)
Volcano (visited)

Altars:
Dithmenos
Elyvilon
Fedhas
Hepliaklqana
Kikubaaqudgha
Makhleb
Nemelex Xobeh
Ru
Sif Muna
Trog
Uskayaw
Vehumet
Wu Jian
Xom
Yredelemnul
The Shining One
Jiyva
Lugonu

Shops:
D:6 (([(   D:7 *   Orc:2 [?*[=(   Elf:1 (   Shoals:1 ?   Snake:2 =?*=
Vaults:1 *   Vaults:2 =   Vaults:3 :

Portals:
Hell: Lair:6
Abyss: Crypt:1

Annotations:
D:5 3 runed translucent doors, Eringya's ghost, novice OpCj
D:11 2 runed translucent doors, pigah's ghost, journeyman OpAE
Crypt:1 corrupted

.. .#. .. ..
.##. #....#..
........
.............
..#
........>...
...# ..≈..#..
..... .
#.....
#X......
##(##.#...
...
##.§.§##.###
. #≈§)p8# #
#.§.§##
######


You could see a death knight (ally target) and a friendly +9 spectral giant
spiked club (summoned).


Message History

😱 HP[+1]
You barely miss the quasit.
Your +9 spectral giant spiked club hits the quasit!!
You kill the quasit!
That felt strangely unrewarding.
Two slime creatures merge to form a large slime creature. 😱 HP[+1] MP[+1]
You beat the large slime creature like a drum!!! 😱 HP[+1]
The large slime creature attacks as you move away!
The large slime creature hits you but does no damage.
A starcursed mass splits.
The large slime creature hits you.
* * * LOW HITPOINT WARNING * * *
😱 HP[-5]
You take 5 damage, and now have 43/344 hp. 😱 HP[+1] MP[+1]
You stick the large slime creature like a pincushion!!!
Your +9 spectral giant spiked club hits the large slime creature!!
The large slime creature hits you but does no damage.
The large slime creature hits you.
* * * LOW HITPOINT WARNING * * *
😱 HP[-5]
You take 5 damage, and now have 39/344 hp.
You puncture the large slime creature!
You kill the large slime creature!
That felt strangely unrewarding.
The starcursed mass closely misses you. 😱 HP[+1] MP[+1]
You sock the starcursed mass!
Your +9 spectral giant spiked club hits the starcursed mass!!
The centaur wields a +0 shortbow.
The centaur shoots an arrow.
The arrow hits your +9 spectral giant spiked club!
Your spectral weapon shares its damage with you!
* * * LOW HITPOINT WARNING * * *
😱 HP[-4]
You take 4 damage, and now have 36/344 hp.
Casting: Statue Form (mildly dangerous; 9% risk of failure)
Confirm with . or Enter, or press ? or * to list all spells.
Okay, then.
Casting: Statue Form (mildly dangerous; 9% risk of failure)
Confirm with . or Enter, or press ? or * to list all spells.
Space momentarily warps into an impossible shape!
You closely miss the centaur.
The centaur shoots an arrow.
The arrow hits your +9 spectral giant spiked club but does no damage.
The starcursed mass touches you.
* * * LOW HITPOINT WARNING * * *
The centaur shoots an arrow.
The arrow closely misses your +9 spectral giant spiked club.
The arrow hits you but does no damage. 😱 MP[-4]
You lost 4 mp, and now have 23/46 mp.
You pound the starcursed mass like an anvil!!!
You destroy the starcursed mass!
That felt strangely unrewarding.
You hear an angry hiss.
The centaur shoots an arrow.
The arrow hits you but does no damage. 😱 HP[+1]
You puncture the starcursed mass!
Your +9 spectral giant spiked club hits the starcursed mass!
A starcursed mass splits.
The starcursed mass shrieks in your mind.
* * * LOW HITPOINT WARNING * * *
The centaur shoots an arrow.
The arrow completely misses your +9 spectral giant spiked club.
The arrow hits you but does no damage.
A starcursed mass splits.
You hear a shout! 😱 HP[-3]
You take 3 damage, and now have 34/344 hp.
You completely miss the starcursed mass.
Your +9 spectral giant spiked club hits the starcursed mass!
The starcursed mass shudders and is absorbed by its neighbour.
The centaur shoots an arrow.
The arrow closely misses your +9 spectral giant spiked club.
The arrow hits you but does no damage.
The centaur shoots an arrow.
The arrow barely misses your +9 spectral giant spiked club.
You reflect the arrow off an invisible shield around you!
The arrow hits the centaur! 😱 HP[+1] MP[+1]
You impale the starcursed mass!!
You destroy the starcursed mass!
That felt strangely unrewarding.
The centaur shoots an arrow.
The arrow barely misses you.
The centaur shoots an arrow.
You reflect the arrow off an invisible shield around you!
The arrow hits the centaur!
You kill the centaur!
That felt strangely unrewarding. 😱 HP[+1]
You impale the death knight!!
Your +9 spectral giant spiked club hits the death knight!
The death knight hits your +9 spectral giant spiked club with a +2 vorpal battleaxe!
Your spectral weapon shares its damage with you! x2
* * * LOW HITPOINT WARNING * * *
😱 HP[-5] MP[+1]
You take 5 damage, and now have 31/344 hp.
You puncture the starcursed mass!
Your +9 spectral giant spiked club hits the starcursed mass!!!
You destroy the starcursed mass!
That felt strangely unrewarding.
The death knight hits you with a +2 vorpal battleaxe!!
* * * LOW HITPOINT WARNING * * *
You die...

Skill      XL: |  1  2  3  4  5  6  7  8  9 10 11 12 13 14 15 16 17 18 19 20 21 22 23 |
---------------+----------------------------------------------------------------------+-----
Invocations    | 3 4 5 6 7 9 |  9.0
Fighting       | 5 7 9 10 11 12 14 15 16 17 19 20 21 22 23 24 | 24.1
Polearms       | 3 4 5 6 7 8 |  8.3
Dodging        | 3 4 5 6 8 9 10 11 12 13 14 15 | 15.8
Spellcasting   | 1 2 3 4 5 7 9 10 | 10.0
Conjurations   | 2 4 5 8 |  8.2
Poison Magic   | 2 4 5 |  5.0
Maces & Flails | 1 6 8 10 12 13 14 15 16 | 16.4
Translocations | 3 5 7 9 10 11 | 11.0
Shields        | 3 4 7 8 |  8.0
Transmutations | 6 10 12 | 12.0
Earth Magic    | 5 9 10 12 | 12.0

Action                   |  1- 3 |  4- 6 |  7- 9 | 10-12 | 13-15 | 16-18 | 19-21 | 22-24 || total
-------------------------+-------+-------+-------+-------+-------+-------+-------+-------++-------
Melee: Spear             |   112 |   156 |    24 |       |       |       |       |       ||   292
       Punch             |       |     1 |     4 |       |     2 |       |       |       ||     7
       Trident           |       |       |   362 |   332 |   225 |       |       |       ||   919
       Giant spiked club |       |       |       |       |   505 |   770 |  1174 |   391 ||  2840
       Mace              |       |       |       |       |     5 |       |       |       ||     5
       Demon whip        |       |       |       |       |    19 |   154 |       |       ||   173
Throw: Dart              |       |    10 |    11 |     8 |     5 |     2 |     2 |       ||    38
       Boomerang         |       |       |    14 |     5 |       |       |       |       ||    19
       Large rock        |       |       |       |       |     1 |     2 |       |       ||     3
       Javelin           |       |       |       |       |     1 |       |       |       ||     1
 Cast: Poisonous Vapours |       |       |     1 |     6 |       |       |       |       ||     7
       Olgreb's Toxic Ra |       |       |       |       |     3 |     5 |       |     1 ||     9
       Manifold Assault  |       |       |       |       |    22 |    37 |   344 |    80 ||   483
       Lesser Beckoning  |       |       |       |       |       |    58 |   146 |    19 ||   223
       Passage of Golubr |       |       |       |       |       |     5 |     1 |       ||     6
       Gell's Gravitas   |       |       |       |       |       |       |    18 |     1 ||    19
       Statue Form       |       |       |       |       |       |       |     2 |    27 ||    29
Invok: Bend Space        |       |       |     3 |     7 |     5 |     4 |     1 |     3 ||    23
       Banish            |       |       |     1 |     6 |     6 |     3 |       |     4 ||    20
       Brand Weapon With |       |       |       |       |     1 |       |       |       ||     1
       Depart the Abyss  |       |       |       |       |       |     1 |       |       ||     1
       Corrupt           |       |       |       |       |       |       |       |     1 ||     1
       Enter the Abyss   |       |       |       |       |       |       |       |     1 ||     1
Evoke: Wand              |       |     2 |     6 |    10 |     3 |     7 |       |     1 ||    29
  Use: Scroll            |     3 |     2 |     5 |    16 |    16 |     6 |     6 |     6 ||    60
       Potion            |       |       |     2 |       |     4 |     4 |     2 |    10 ||    22
 Stab: Sleeping          |     1 |       |       |       |       |       |       |       ||     1
       Distracted        |     1 |       |     1 |     1 |    10 |    11 |     4 |     1 ||    29
       Petrified         |       |       |       |       |     2 |       |       |       ||     2
Armor: Robe              |    17 |    19 |    91 |     5 |       |       |       |       ||   132
       Steam dragon scal |       |       |       |    80 |   257 |       |       |       ||   337
       Troll leather arm |       |       |       |       |    14 |   223 |   139 |    23 ||   399
       Skin              |       |       |       |       |       |       |     3 |   322 ||   325
Dodge: Dodged            |    33 |    47 |   203 |   145 |   471 |   430 |   384 |   284 ||  1997
       Repelled          |       |       |       |     1 |       |       |       |       ||     1
Block: Other             |     7 |    31 |    14 |    53 |     6 |    98 |   157 |   112 ||   478
       Reflection        |       |       |       |     8 |       |    11 |    33 |     4 ||    56
       Kite shield       |       |       |       |       |       |    63 |       |       ||    63

Levels and vault maps discovered:
D:1:      lightli_iron_boxes, layout_loops_ring,
          shapermc_ecumenical_altar_totnotflames, chequers_serial_rivers_large_a
D:2:      layout_basic, hangedman_decor_push
D:3:      layout_basic, fedhas_altar_2, mainiacjoe_overflow_paths
D:4:      layout_basic, chequers_serial_rivers_small_3, hangedman_decor_growths,
          uniq_eustachio, uniq_menkaure
D:5:      layout_basic, gammafunk_temple_overflow_elements,
          ebering_ghost_rock_garden, uniq_pikel
D:6:      minmay_razor_zed, layout_basic, trog_ov_bears_minmay,
          mainiacjoe_overflow_concentric_impassable,
          nicolae_elyvilon_temple_path, makhleb_grotto_becter,
          minmay_shop_grid_forest, amcnicky_mini_pool_small, uniq_sigmund
D:7:      layout_loops_corners, nicolae_overflow_crystal_walls,
          grunt_dithmenos_smoke_and_mirrors, minmay_temple_entry_poolview,
          minmay_door_square, nicolae_shop_fire_sale [nicolae_sub_dead_trees]
D:8:      layout_basic, pdpol_wu_jian_five_deadly_venoms, serial_rivers,
          chequers_serial_rivers_small_3, chequers_serial_rivers_micro_d,
          chequers_serial_rivers_room_b, chequers_serial_rivers_room_b,
          chequers_serial_rivers_micro_c, chequers_serial_rivers_micro_d,
          kennysheep_generic_room_8, uniq_amaemon
D:9:      layout_cave_pods, feat_on_display
D:10:     layout_basic, nicolae_vehumet_altar_sigil,
          mainiacjoe_overflow_tiny_flanked, serial_ice, serial_ice_f,
          serial_ice_k, serial_ice_g, serial_ice_a
D:11:     layout_stronghold, minmay_lair_entry_grove,
          muffindrake_ghost_dual_entry, tgw_xom
D:12:     layout_cave_pods, orc_0_dummy, serial_shops, bzr_entry_lakeside,
          minmay_statues_item
D:13:     layout_roguey, nicolae_hepliaklqana_hippocampus
D:14:     layout_loops_ring, erik_vaults_1, serial_rivers,
          chequers_serial_rivers_room_a, chequers_serial_rivers_micro_e,
          chequers_serial_rivers_small_3, chequers_serial_rivers_micro_e,
          hangedman_abyss_or_decor_passed, dreamdust_mushroom_princess,
          chequers_serial_rivers_micro_d, minivault_27, uniq_jorgrun
D:15:     grunt_enter_depths_magical_seal, layout_rooms, kiku_gazebo_pond_becter
Lair:1:   layout_long_grid
Lair:2:   layout_regular_city, serial_forest, infiniplex_forest_clump_small,
          infiniplex_forest_lined_3, infiniplex_forest_straight_2,
          infiniplex_forest_zigzag_1, infiniplex_forest_straight_1,
          portal_ice_cave_entry_imps, dreamdust_deal_with_the_devil,
          chequers_serial_rivers_micro_b, grunt_megastairs_3
Lair:3:   layout_gridlike, minmay_snake_entry_guardpost_large, serial_forest,
          infiniplex_forest_split, infiniplex_forest_clump_small,
          infiniplex_forest_clump_small, infiniplex_forest_side_room,
          infiniplex_forest_lined_room_, infiniplex_forest_split,
          infiniplex_forest_lined_room_, infiniplex_forest_clump_curved,
          grunt_forest_large_clearings
Lair:4:   layout_loops_ring, minmay_shoals_entry_centaurs, serial_rivers,
          chequers_serial_rivers_micro_a, chequers_serial_rivers_micro_c,
          chequers_serial_rivers_small_a, chequers_serial_rivers_small_b,
          chequers_serial_rivers_marsh, chequers_serial_rivers_small_b,
          infiniplex_staircase_pool_2, uniq_nergalle
Lair:5:   layout_regular_city, enter_volcano_3, nicolae_lair_lindhole,
          lemuel_fruit_fields
Lair:6:   evil_forest, layout_small_grid, nicolae_slime_entry_slimehenge,
          hibernation_bobbens, grunt_megastairs_1, lemuel_fruit_tree
Shoals:1: layout_shoals, serial_shops, nicolae_shop_behind_doors,
          nicolae_shoals_seven_spires, nicolae_shoals_water_booths, uniq_roxanne
Shoals:2: layout_shoals, nicolae_shoals_this_corrosion, uniq_ilsuiw,
          uniq_polyphemus
Shoals:3: layout_shoals, uniq_louise
Shoals:4: shoals_end_grunt_garden, layout_shoals, nicolae_shoals_cliffside_cave
Snake:1:  layout_layer_cave, basic_altar, serial_bayou_pond_c,
          nicolae_snake_slithery_corners, hangedman_snake_pattern,
          uniq_mlioglotl, uniq_aizul, uniq_kirke
Snake:2:  layout_misc_corridors, serial_bayou_ford_a,
          hangedman_snake_thin_pillar_pass, minmay_shoptagon, grunt_megastairs_2
Snake:3:  layout_honeycomb, basic_altar, serial_bayou_shore_b
Snake:4:  johnstein_snake_rune_scales, layout_cave_town,
          nicolae_snake_snake_lake, abandoned_shop, nicolae_snake_springs
Orc:1:    layout_diamond_mine
Orc:2:    st_orc_congregation, layout_diamond_mine, serial_shops, shop_statue,
          shop, nicolae_orc_lava_tube
Elf:1:    nicolae_elf_arrival_aired_out, layout_onion_city, serial_shops,
          nicolae_shop_bloodbath_and_beyond, hangedman_corner_corridor
Elf:2:    elven_hall_of_blades_hangedman_alternative
          [nicolae_blade_entry_floor_patterns], layout_geoelf_grid, minivault_28
Elf:3:    elf_hall, layout_geoelf_grid, gammafunk_ghost_ooze,
          nicolae_elf_crossing_hall
Vaults:1: v_pattern_5, hangedman_vaults_maws, vaults_mumra_lcd,
          dpeg_vaults_monster_box, ontoclasm_vaults_loading_screen, v_misc_14,
          hangedman_vaults_river_flow, nicolae_vaults_circle_grid_a,
          nicolae_vaults_yaktaur_gun_rack, layout_vaults_chaotic_city,
          serial_shops, nicolae_shop_temple_entry_statues_fountains, uniq_donald
Vaults:2: v_pattern_1, nicolae_vaults_network_quinsquares
          [nicolae_vaults_network_quincunx_subvault,
          nicolae_vaults_network_quincunx_subvault,
          nicolae_vaults_network_quincunx_subvault,
          nicolae_vaults_network_quincunx_subvault], vaults_room_ringed_pool,
          nicolae_vaults_network_quincunx
          [nicolae_vaults_network_quincunx_subvault,
          nicolae_vaults_network_quincunx_subvault,
          nicolae_vaults_network_quincunx_subvault,
          nicolae_vaults_network_quincunx_subvault,
          nicolae_vaults_network_quincunx_subvault], v_misc_28,
          vaults_standard_mumra_x, v_misc_22, ontoclasm_vaults_gateway,
          vaults_room_fours, layout_vaults_omnicross, serial_shops,
          nicolae_square_shop
Vaults:3: nicolae_vaults_sealed_display, minmay_crypt_entry_necro_gods,
          nicolae_vaults_branching_niches, vaults_room_large_hall,
          vaults_room_door_ring, v_misc_18, vaults_dpeg_doors, v_alt_pattern_3,
          ontoclasm_vaults_loading_screen, nicolae_vaults_little_ls,
          ontoclasm_vaults_eye, ontoclasm_vaults_ligature,
          ontoclasm_vaults_chip, v_alt_pattern_2,
          ontoclasm_vaults_decontamination, layout_vaults_maze_bifur,
          serial_shops, nicolae_shop_hallway_plus
Vaults:4: vaults_dpeg_hooks, vaults_mumra_chevron, v_misc_2,
          hangedman_vaults_pinch, vaults_mumra_hexcomb, vaults_room_hallway,
          layout_vaults_omnigrid
Crypt:1:  layout_rooms, amcnicky_altar_lugonu_corruption, uniq_margery,
          uniq_xtahua
Abyss:1:  base: Temple, base: Temple, base:
Lair:2

Notes
Turn   | Place    | Note
-------+----------+-------------------------------------------
     0 | Abyss:1  | spiderkeys the Ogre Abyssal Knight began the quest for the
                  | Orb.
     0 | Abyss:1  | Reached XP level 1. HP: 24/24 MP: 2/2
     0 | Abyss:1  | magus.rc [v1.11.3]
    17 | D:1      | You pass through the gate.
    17 | D:1      | Escaped the Abyss
   377 | D:1      | Reached XP level 2. HP: 21/32 MP: 3/3
   817 | D:1      | You fall into a shaft and drop 1 floor!
  1094 | D:1      | Found a faded altar of an unknown god.
  1664 | D:2      | Reached XP level 3. HP: 22/40 MP: 4/4
  1666 | D:2      | HP: 10/40 [worm (5)]
  1984 | D:2      | You pick up a book of Blood and begin reading...
  1984 | D:2      | You add the spells Sublimation of Blood, Wereblood and
                  | Summon Hydra to your library.
  2188 | D:2      | Reached XP level 4. HP: 40/49 MP: 6/6
  2279 | D:2      | You pick up a book of Air and begin reading...
  2279 | D:2      | You add the spells Shock, Swiftness and Airstrike to your
                  | library.
  2547 | D:2      | You pick up a book of Spatial Translocations and begin
                  | reading...
  2547 | D:2      | You add the spells Blink, Lesser Beckoning and Manifold
                  | Assault to your library.
  2556 | D:2      | You pick up a book of the Senses and begin reading...
  2556 | D:2      | You add the spells Dazzling Flash, Agony and Silence to
                  | your library.
  2561 | D:2      | Learned a level 3 spell: Dazzling Flash
  2807 | D:3      | You add the spells Sting, Poisonous Vapours and Olgreb's
                  | Toxic Radiance to your library.
  2840 | D:3      | Found a shimmering blue altar of Sif Muna.
  2856 | D:3      | Reached skill level 3 in Invocations
  3013 | D:3      | Found a blossoming altar of Fedhas.
  3824 | D:4      | Reached *** piety under Lugonu
  3870 | D:4      | Noticed a kobold brigand
  3878 | D:4      | Killed a kobold brigand
  3879 | D:4      | Reached skill level 5 in Fighting
  3879 | D:4      | Reached skill level 3 in Polearms
  3879 | D:4      | Reached skill level 3 in Dodging
  3879 | D:4      | Reached skill level 1 in Spellcasting
  3879 | D:4      | Reached XP level 5. HP: 57/57 MP: 7/7
  3931 | D:4      | Learned a level 2 spell: Poisonous Vapours
  4249 | D:4      | Reached XP level 6. HP: 56/66 MP: 8/8
  4664 | D:4      | Reached skill level 2 in Spellcasting
  4891 | D:4      | You pick up a book of Spatial Translocations and begin
                  | reading...
  4930 | D:4      | HP: 9/67 [goblin/bolt of acid (30)]
  5252 | D:4      | Noticed Menkaure
  5330 | D:4      | Killed Menkaure
  5331 | D:4      | Reached skill level 4 in Invocations
  5331 | D:4      | Reached XP level 7. HP: 63/74 MP: 10/10
  5388 | D:4      | Noticed Eustachio
  5413 | D:4      | Killed Eustachio
  5414 | D:4      | Reached skill level 6 in Fighting
  5414 | D:4      | Reached skill level 4 in Polearms
  5747 | D:5      | Entered Level 5 of the Dungeon
  5831 | D:5      | Noticed Pikel
  5838 | D:5      | Reached skill level 3 in Spellcasting
  6139 | D:5      | Identified the +4 scale mail of Indecent Exposure {rElec
                  | Slay+2}
  6179 | D:4      | Killed Pikel
  6180 | D:4      | Reached skill level 7 in Fighting
  6180 | D:4      | Reached skill level 4 in Dodging
  6180 | D:4      | Reached skill level 5 in Invocations
  6180 | D:4      | Reached XP level 8. HP: 32/87 MP: 10/13
  6466 | D:5      | Reached skill level 4 in Spellcasting
  6763 | D:5      | Reached skill level 5 in Polearms
  6805 | D:5      | Found a glowing golden altar of the Shining One.
  6805 | D:5      | Found a shimmering altar of Xom.
  6870 | D:5      | Found a runed translucent gate.
  6870 | D:5      | Found a runed translucent gate.
  6871 | D:5      | Found a runed translucent gate.
  6873 | D:5      | Noticed Eringya's ghost (novice OpCj)
  7327 | D:6      | Found Fashril's Weapon Shop.
  7328 | D:6      | Found Mewk's Weapon Shop.
  7330 | D:6      | Found Deisch's Antique Armour Shop.
  7332 | D:6      | Found Jojir's Antique Weapon Shop.
  7416 | D:6      | HP: 21/87 [steam dragon/ball of steam (21)]
  7421 | D:6      | Reached skill level 5 in Dodging
  7508 | D:6      | Found a bloodstained altar of Trog.
  7534 | D:6      | Reached XP level 9. HP: 96/96 MP: 16/16
  7545 | D:6      | Reached skill level 5 in Spellcasting
  7675 | D:6      | Found a sparkling altar of Nemelex Xobeh.
  7775 | D:6      | HP: 19/96 [electric eel/bolt of electricity (11)]
  7861 | D:6      | Reached skill level 8 in Fighting
  7861 | D:6      | Reached skill level 6 in Invocations
  7955 | D:6      | Found a white marble altar of Elyvilon.
  8002 | D:6      | Found a burning altar of Makhleb.
  8058 | D:6      | Noticed Sigmund
  8086 | D:6      | Killed Sigmund
  8087 | D:6      | Reached skill level 1 in Conjurations
  8136 | D:6      | Reached skill level 1 in Poison Magic
  8179 | D:6      | HP: 24/96 [water moccasin (7)]
  8184 | D:6      | HP: 13/97 [kobold brigand/+0 club (5)]
  8282 | D:6      | Identified the +0 robe of Peek-a-Boo {rC+ Will+ Int-5
                  | Slay+3}
  8527 | D:6      | Reached skill level 2 in Conjurations
  8537 | D:6      | Reached **** piety under Lugonu
  8538 | D:6      | Reached skill level 6 in Polearms
  8635 | D:6      | Reached skill level 2 in Poison Magic
  8927 | D:7      | Found a shadowy altar of Dithmenos.
  9063 | D:7      | HP: 24/97 [poisoned by a water moccasin]
  9068 | D:7      | HP: 22/97 [poisoned by a water moccasin]
  9197 | D:7      | Found Keukheck's Fire Supplies.
  9477 | D:7      | Found a hide-covered altar of Uskayaw.
  9656 | D:7      | Reached skill level 9 in Fighting
  9656 | D:7      | Reached XP level 10. HP: 87/107 MP: 17/17
  9786 | D:7      | Found a staircase to the Ecumenical Temple.
  9984 | D:7      | Reached skill level 6 in Dodging
  9995 | D:7      | Reached skill level 7 in Invocations
 10147 | D:8      | Found an ornate altar of the Wu Jian Council.
 10225 | D:8      | Noticed a two-headed ogre
 10232 | D:8      | Killed a two-headed ogre
 10233 | D:8      | Reached skill level 3 in Conjurations
 10233 | D:8      | Reached skill level 3 in Poison Magic
 10256 | D:8      | Noticed an orange demon
 10257 | D:8      | Noticed Amaemon
 10293 | D:7      | HP: 24/107 [poisoned by a scorpion]
 10298 | D:7      | HP: 18/107 [poisoned by a scorpion]
 10773 | D:8      | Killed an orange demon
 10777 | D:8      | Killed Amaemon
 10778 | D:8      | Reached skill level 7 in Polearms
 11017 | D:9      | Reached skill level 10 in Fighting
 11017 | D:9      | Reached skill level 4 in Conjurations
 11167 | D:9      | Noticed a cyclops
 11191 | D:9      | Killed a cyclops
 11192 | D:9      | Reached skill level 4 in Poison Magic
 11192 | D:9      | Reached XP level 11. HP: 104/117 MP: 18/18
 11275 | D:9      | Learned a level 4 spell: Olgreb's Toxic Radiance
 11513 | D:9      | Reached skill level 8 in Invocations
 12013 | D:10     | Entered Level 10 of the Dungeon
 12024 | D:10     | Reached skill level 7 in Dodging
 12483 | D:10     | Noticed a two-headed ogre
 12496 | D:10     | Found an ancient bone altar of Kikubaaqudgha.
 12505 | D:10     | Killed a two-headed ogre
 12775 | D:10     | Found a radiant altar of Vehumet.
 12775 | D:10     | Noticed a white ugly thing
 12777 | D:10     | Banished a white ugly thing
 12982 | D:11     | Noticed a two-headed ogre
 12990 | D:11     | Killed a two-headed ogre
 12997 | D:11     | Reached skill level 5 in Conjurations
 13265 | D:11     | Reached skill level 5 in Poison Magic
 13268 | D:11     | Reached skill level 8 in Polearms
 13410 | D:11     | Reached skill level 11 in Fighting
 13462 | D:11     | Reached skill level 9 in Invocations
 13714 | D:11     | Found a staircase to the Lair.
 13719 | D:11     | Noticed pigah's ghost (journeyman OpAE)
 13720 | D:11     | Noticed a lich
 13720 | D:11     | Noticed a skeletal warrior
 13721 | D:11     | Noticed a flayed ghost
 13721 | D:11     | Noticed an ice dragon
 13721 | D:11     | Noticed a skeletal warrior
 13721 | D:11     | Noticed a deep elf pyromancer
 13721 | D:11     | Noticed a necromancer
 13723 | D:11     | Noticed a skeletal warrior
 13783 | D:11     | Identified a scroll of acquirement
 13784 | D:11     | Acquired a +8 spectral giant spiked club
 13846 | D:11     | Noticed a manticore
 13851 | D:11     | Killed a manticore
 13852 | D:11     | Reached skill level 1 in Maces & Flails
 13852 | D:11     | Reached skill level 8 in Dodging
 14049 | D:11     | Reached XP level 12. HP: 112/130 MP: 20/20
 14113 | D:11     | Found a shimmering altar of Xom.
 14115 | D:11     | Noticed a two-headed ogre
 14122 | D:11     | Killed a two-headed ogre
 14123 | D:11     | Reached skill level 6 in Spellcasting
 14129 | D:11     | Reached skill level 2 in Maces & Flails
 14238 | D:11     | You pick up a book of the Senses and begin reading...
 14459 | D:11     | Found a runed translucent door.
 14474 | D:11     | Found a runed translucent door.
 14853 | D:12     | Noticed a boulder beetle
 14854 | D:12     | Banished a boulder beetle
 14855 | D:12     | Reached skill level 3 in Maces & Flails
 14919 | D:12     | Found a flickering gateway to a bazaar.
 14934 | Bazaar   | Entered a bazaar
 14934 | Bazaar   | Found Racantar's General Store.
 14934 | Bazaar   | Found Laroop's Distillery.
 14934 | Bazaar   | Found Qiylour's Jewellery Emporium.
 14936 | Bazaar   | Found Tagamoz's Antique Weapon Shoppe.
 14954 | Bazaar   | Bought a bone mace for 120 gold pieces
 14954 | Bazaar   | Identified the +9 mace "Intaduq" {vorpal, rPois Int+4
                  | Stlth+} (You bought it in a shop in a bazaar)
 14956 | Bazaar   | Bought an iridescent mace for 120 gold pieces
 14956 | Bazaar   | Identified the +12 mace of Gozag, Growing {flame, *Rage rF+
                  | Str+2 Dex+5} (You bought it in a shop in a bazaar)
 14962 | Bazaar   | Bought a potion of brilliance for 28 gold pieces
 14962 | Bazaar   | Bought a potion of ambrosia for 56 gold pieces
 14962 | Bazaar   | Bought a potion of might for 28 gold pieces
 14962 | Bazaar   | Bought a potion of magic for 56 gold pieces
 14962 | Bazaar   | Bought a potion of resistance for 70 gold pieces
 14962 | Bazaar   | Bought a potion of haste for 70 gold pieces
 14962 | Bazaar   | Bought a potion of invisibility for 56 gold pieces
 14970 | Bazaar   | Bought a potion of curing for 21 gold pieces
 15029 | D:12     | Acquired the ring of Dishonesty {rElec Will+ MP+9}
 15471 | D:12     | Noticed a two-headed ogre
 15481 | D:12     | Killed a two-headed ogre
 15482 | D:12     | Reached skill level 12 in Fighting
 15560 | D:12     | Reached skill level 4 in Maces & Flails
 15633 | D:12     | Noticed a six-headed hydra
 15641 | D:12     | Killed a six-headed hydra
 15771 | D:12     | Found a staircase to the Orcish Mines.
 15951 | D:13     | Noticed a four-headed hydra
 15958 | D:13     | Killed a four-headed hydra
 15959 | D:13     | Reached skill level 7 in Spellcasting
 15999 | D:13     | Noticed a centaur warrior
 16013 | D:13     | Killed a centaur warrior
 16319 | D:13     | Reached skill level 5 in Maces & Flails
 16737 | D:13     | Noticed a centaur warrior
 16749 | D:13     | HP: 32/133 [centaur[a centaur warrior] (2)]
 16750 | D:13     | Killed a centaur warrior
 16756 | D:13     | Reached skill level 9 in Dodging
 17136 | D:13     | Noticed a six-headed hydra
 17142 | D:13     | Banished a six-headed hydra
 17298 | D:13     | Noticed a centaur warrior
 17312 | D:13     | Killed a centaur warrior
 17313 | D:13     | Reached skill level 6 in Maces & Flails
 17313 | D:13     | Reached XP level 13. HP: 101/141 MP: 24/24
 17547 | D:13     | Reached skill level 13 in Fighting
 17547 | D:13     | Reached skill level 8 in Spellcasting
 17946 | D:13     | Found a hazy altar of Hepliaklqana.
 18195 | D:14     | Noticed Jorgrun
 18296 | Lair:1   | Entered Level 1 of the Lair of Beasts
 18340 | Lair:1   | You pick up a book of Necromancy and begin reading...
 18340 | Lair:1   | You add the spells Necrotize and Vampiric Draining to your
                  | library.
 18399 | Lair:1   | You pick up a book of Armaments and begin reading...
 18399 | Lair:1   | You add the spells Stone Arrow, Animate Armour and
                  | Lehudib's Crystal Spear to your library.
 18488 | Lair:1   | You add the spells Ensorcelled Hibernation, Ozocubu's
                  | Armour and Polar Vortex to your library.
 18488 | Lair:1   | Got the Incunabulum of Snow
 18535 | Lair:1   | Reached skill level 7 in Maces & Flails
 19139 | Lair:2   | Found a frozen archway.
 19170 | IceCv    | Entered an ice cave
 19331 | IceCv    | Reached ***** piety under Lugonu
 19636 | IceCv    | Found an ancient bone altar of Kikubaaqudgha.
 19651 | IceCv    | HP: 34/144 [ice devil (11)]
 19655 | IceCv    | HP: 14/145 [entropy weaver simulacrum (8)]
 19952 | IceCv    | Reached skill level 8 in Maces & Flails
 19993 | IceCv    | Reached skill level 9 in Spellcasting
 20379 | IceCv    | Reached skill level 10 in Dodging
 20432 | IceCv    | You pick up a book of Ice and begin reading...
 20432 | IceCv    | You add the spells Freezing Cloud and Simulacrum to your
                  | library.
 20446 | IceCv    | You pick up a book of Unlife and begin reading...
 20446 | IceCv    | You add the spells Animate Dead, Borgnjor's Vile Clutch and
                  | Death Channel to your library.
 20581 | Lair:2   | Reached skill level 14 in Fighting
 20730 | Lair:2   | Reached XP level 14. HP: 151/156 MP: 27/27
 21529 | Lair:2   | Reached skill level 9 in Maces & Flails
 22006 | Lair:3   | Learned a level 5 spell: Manifold Assault
 22020 | Lair:3   | Found a staircase to the Snake Pit.
 22051 | Lair:3   | You fall into a shaft and drop 1 floor!
 22341 | Lair:4   | Noticed Nergalle
 22346 | Lair:4   | Killed Nergalle
 22347 | Lair:4   | Reached skill level 1 in Translocations
 22418 | Lair:4   | Reached ****** piety under Lugonu
 22423 | Lair:4   | Reached skill level 10 in Spellcasting
 22545 | Lair:4   | Found a staircase to the Shoals.
 22744 | Lair:3   | You pick up a book of the Moon and begin reading...
 23643 | D:8      | Identified a +6 demon whip of distortion (a +4 demon whip
                  | of venom corrupted by Lugonu)
 23643 | D:8      | Received a gift from Lugonu
 24026 | Lair:4   | Reached skill level 2 in Translocations
 24105 | Lair:4   | Reached skill level 10 in Maces & Flails
 24523 | Lair:5   | You pick up a book of Weapons and begin reading...
 24523 | Lair:5   | You add the spells Tukima's Dance, Portal Projectile and
                  | Blade Hands to your library.
 24548 | Lair:5   | Reached skill level 15 in Fighting
 24574 | Lair:5   | Found a dark tunnel.
 24582 | Volcano  | Entered a volcano
 24721 | Volcano  | Noticed a red draconian
 24722 | Volcano  | Banished a red draconian
 24734 | Volcano  | Reached skill level 3 in Translocations
 24744 | Volcano  | Found a burning altar of Makhleb.
 25297 | Lair:5   | Reached skill level 11 in Dodging
 25611 | Lair:6   | Entered Level 6 of the Lair of Beasts
 25655 | Lair:6   | Reached XP level 15. HP: 166/167 MP: 29/29
 25760 | Lair:6   | Reached skill level 11 in Maces & Flails
 25763 | Lair:6   | HP: 39/167 [yak (12)]
 25768 | Lair:6   | HP: 40/167 [yak (3)]
 25780 | Lair:6   | HP: 40/167 [yak (5)]
 25786 | Lair:5   | HP: 36/167 [yak (3)]
 26011 | Lair:6   | Reached skill level 4 in Translocations
 26512 | Lair:6   | Found a staircase to the Slime Pits.
 26555 | Lair:6   | Learned a level 4 spell: Passage of Golubria
 26559 | Lair:6   | Learned a level 3 spell: Lesser Beckoning
 26937 | Lair:6   | Found a burning altar of Makhleb.
 26982 | Lair:6   | HP: 41/169 [barbs]
 26992 | Lair:6   | HP: 41/169 [barbs]
 27169 | Lair:6   | Found a gateway to Hell.
 27543 | D:14     | Reached skill level 16 in Fighting
 27688 | D:14     | Reached skill level 5 in Translocations
 27974 | D:14     | You pick up a book of Party Tricks and begin reading...
 27974 | D:14     | You add the spells Apportation and Alistair's Intoxication
                  | to your library.
 27996 | D:15     | Entered Level 15 of the Dungeon
 28024 | D:14     | Reached skill level 12 in Maces & Flails
 28179 | D:14     | Killed Jorgrun
 28395 | D:14     | Found a gate to the Vaults.
 28868 | D:14     | You pick up a book of the Wilderness and begin reading...
 28868 | D:14     | You add the spells Summon Forest, Summon Mana Viper and
                  | Summon Cactus Giant to your library.
 29440 | D:15     | Reached XP level 16. HP: 88/180 MP: 30/30
 29500 | D:15     | Reached skill level 6 in Translocations
 29686 | D:15     | Reached skill level 12 in Dodging
 29765 | D:15     | Found an ancient bone altar of Kikubaaqudgha.
 30063 | D:15     | You are cast into the Abyss!
 30063 | D:15     | Cast into level 3 of the Abyss (a wizard)
 30073 | D:15     | You pass through the gate.
 30073 | D:15     | Escaped the Abyss
 30079 | D:15     | Reached skill level 13 in Maces & Flails
 30138 | D:15     | Found a staircase to the Depths.
 30348 | Orc:1    | Entered Level 1 of the Orcish Mines
 30524 | Orc:2    | Entered Level 2 of the Orcish Mines
 30524 | Orc:2    | Found Hecext's Antique Armour Emporium.
 30758 | Orc:2    | Found a staircase to the Elven Halls.
 30810 | Orc:2    | Reached skill level 17 in Fighting
 31825 | Orc:2    | Found Xikut's Antique Armour Boutique.
 31826 | Orc:2    | Found Parghyar's Antique Weapon Shop.
 31828 | Orc:2    | Found Jupoapre's General Store.
 31828 | Orc:2    | Found Barushi's Jewellery Boutique.
 31940 | Orc:2    | Found Riobauge's Magic Scroll Shop.
 31948 | Orc:2    | Bought a scroll of fear for 59 gold pieces
 31948 | Orc:2    | Bought a scroll of teleportation for 51 gold pieces
 32043 | Orc:2    | Reached skill level 7 in Translocations
 32491 | Shoals:1 | Entered Level 1 of the Shoals
 32576 | Shoals:1 | You pick up a book of the Wilderness and begin reading...
 32626 | Shoals:1 | HP: 38/183 [merfolk impaler/+2 vampiric trident (8)]
 33148 | Snake:1  | Entered Level 1 of the Snake Pit
 33154 | Snake:1  | Noticed Mlioglotl
 33275 | Snake:1  | Killed Mlioglotl
 33276 | Snake:1  | Reached skill level 1 in Shields
 33321 | Snake:1  | Found a sacrificial altar of Ru.
 33632 | Snake:1  | Noticed Aizul
 33658 | Snake:1  | Killed Aizul
 34123 | Snake:1  | Noticed Kirke
 34149 | Snake:1  | Reached skill level 2 in Shields
 34178 | Snake:1  | Killed Kirke
 34919 | Snake:1  | Upgraded the game from 0.29-a0-468-ge57f7f99b4 to
                  | 0.29-a0-472-ge5599a681e
 34919 | Snake:1  | magus.rc [v1.11.3]
 35404 | Snake:2  | Found Dauschiome's Assorted Antiques.
 35404 | Snake:2  | Found Suiheoj's Magic Scroll Boutique.
 35405 | Snake:2  | Found Zauhet's Jewellery Boutique.
 35407 | Snake:2  | Found Foagin's Jewellery Shop.
 35486 | Snake:2  | Reached skill level 3 in Shields
 35486 | Snake:2  | Reached XP level 17. HP: 156/193 MP: 31/31
 36165 | Snake:2  | Reached skill level 14 in Maces & Flails
 36722 | Snake:3  | Reached skill level 18 in Fighting
 36801 | Snake:3  | Reached skill level 8 in Translocations
 36845 | Snake:3  | Reached skill level 13 in Dodging
 37202 | Snake:3  | Found a glowing golden altar of the Shining One.
 37206 | Snake:3  | Identified the +8 falchion of a ziggurat {vorpal, rElec
                  | rF+++ Str-3 Stlth-}
 37937 | Snake:4  | Entered Level 4 of the Snake Pit
 39048 | Snake:4  | Reached skill level 9 in Translocations
 39196 | Snake:4  | Acquired the +0 hat of Understanding {Fly}
 39537 | Snake:4  | Reached skill level 19 in Fighting
 39547 | Snake:3  | HP: 48/198 [constriction (5)]
 39704 | Snake:4  | Reached XP level 18. HP: 106/208 MP: 2/32
 40221 | Snake:4  | Got a serpentine rune of Zot
 40609 | Vaults:1 | Entered Level 1 of the Vaults
 41032 | Vaults:1 | Reached skill level 15 in Maces & Flails
 41032 | Vaults:1 | Reached skill level 14 in Dodging
 41295 | Vaults:1 | Found Ytiet's Assorted Antiques.
 41343 | Vaults:1 | Reached skill level 10 in Translocations
 41636 | Vaults:1 | Identified the +11 arbalest "Visa" {elec, Int+5}
 41724 | Vaults:1 | HP: 46/210 [deep troll[an ironbound preserver] (9)]
 41995 | Vaults:1 | Reached skill level 20 in Fighting
 42363 | Vaults:1 | Identified the +5 kite shield "Rugryn" {rF+ rN+}
 42363 | Vaults:1 | Noticed Donald
 42373 | Vaults:1 | Killed Donald
 42990 | Vaults:1 | Reached skill level 4 in Shields
 43389 | Vaults:2 | HP: 52/211 [yaktaur/bolt[a yaktaur captain] (3)]
 43570 | Vaults:2 | Reached XP level 19. HP: 221/221 MP: 33/33
 44141 | Vaults:2 | Found Hephoebi's Jewellery Boutique.
 44186 | Vaults:2 | Reached skill level 5 in Shields
 44624 | Vaults:1 | Reached skill level 15 in Dodging
 45086 | Vaults:2 | Reached skill level 16 in Maces & Flails
 45742 | Vaults:2 | Reached skill level 6 in Shields
 45751 | Vaults:2 | Reached skill level 21 in Fighting
 46266 | Vaults:3 | You add the spells Borgnjor's Revivification, Necromutation
                  | and Death's Door to your library.
 47173 | Vaults:3 | Found Sadeb's Book Shoppe.
 47178 | Vaults:3 | Bought a book of Displacement for 312 gold pieces
 47178 | Vaults:3 | You pick up a book of Displacement and begin reading...
 47178 | Vaults:3 | You add the spells Gell's Gravitas and Teleport Other to
                  | your library.
 47182 | Vaults:3 | Learned a level 3 spell: Gell's Gravitas
 47186 | Vaults:3 | Learned a level 3 spell: Teleport Other
 47268 | Vaults:3 | Found a staircase to the Crypt.
 47268 | Vaults:3 | Found an ancient bone altar of Kikubaaqudgha.
 47269 | Vaults:3 | Found a basalt altar of Yredelemnul.
 47540 | Vaults:3 | You pick up a book of Air and begin reading...
 47733 | Vaults:3 | Reached skill level 7 in Shields
 47872 | Vaults:3 | You add the spells Malign Gateway and Summon Horrible
                  | Things to your library.
 48096 | Vaults:4 | Reached XP level 20. HP: 183/234 MP: 34/34
 48529 | Snake:2  | Bought a scroll of blinking for 97 gold pieces
 48877 | Vaults:3 | Bought a book of Transfigurations for 520 gold pieces
 48877 | Vaults:3 | You pick up a book of Transfigurations and begin reading...
 48877 | Vaults:3 | You add the spells Irradiate and Dragon Form to your
                  | library.
 48883 | Vaults:3 | Learned a level 5 spell: Irradiate
 49038 | Vaults:4 | Reached skill level 1 in Transmutations
 49678 | Vaults:4 | Reached skill level 2 in Transmutations
 50780 | Shoals:1 | Reached skill level 3 in Transmutations
 51686 | Shoals:1 | Identified Roxanne's Handbook of Transmigration
 51686 | Shoals:1 | Noticed Roxanne
 51698 | Shoals:1 | Killed Roxanne
 51708 | Shoals:1 | Learned a level 6 spell: Statue Form
 51884 | Shoals:1 | Found Xaache's Magic Scroll Shoppe.
 51929 | Shoals:1 | Reached skill level 8 in Shields
 52066 | Shoals:1 | Reached skill level 1 in Earth Magic
 52321 | Shoals:1 | Reached skill level 4 in Transmutations
 52512 | Shoals:2 | Noticed Ilsuiw
 52614 | Shoals:1 | Killed Ilsuiw
 52615 | Shoals:1 | Reached skill level 11 in Translocations
 52851 | Shoals:2 | Reached skill level 2 in Earth Magic
 53563 | Shoals:2 | Reached skill level 3 in Earth Magic
 53565 | Shoals:2 | Reached skill level 5 in Transmutations
 54063 | Shoals:2 | Reached skill level 22 in Fighting
 54838 | Shoals:2 | Reached skill level 4 in Earth Magic
 55000 | Shoals:3 | You pick up a book of Winter and begin reading...
 55199 | Shoals:3 | Noticed Louise
 55210 | Shoals:3 | Killed Louise
 55211 | Shoals:3 | Reached skill level 6 in Transmutations
 55971 | Shoals:4 | Entered Level 4 of the Shoals
 56296 | Shoals:3 | Reached skill level 5 in Earth Magic
 57535 | Shoals:4 | Reached XP level 21. HP: 235/245 MP: 35/35
 57985 | Shoals:4 | Reached skill level 7 in Transmutations
 58642 | Shoals:4 | Reached skill level 6 in Earth Magic
 59301 | Shoals:4 | Got a barnacled rune of Zot
 59722 | Shoals:4 | You pick up a book of Frost and begin reading...
 59722 | Shoals:4 | You add the spells Freeze, Frozen Ramparts and Hailstorm to
                  | your library.
 59738 | Shoals:4 | You pick up a book of Sloth and begin reading...
 60313 | Elf:1    | Entered Level 1 of the Elven Halls
 60725 | Elf:1    | Reached skill level 8 in Transmutations
 60830 | Elf:1    | You pick up a book of Conjurations and begin reading...
 60830 | Elf:1    | You add the spells Magic Dart, Searing Ray and Fulminant
                  | Prism to your library.
 60849 | Elf:1    | Reached skill level 7 in Earth Magic
 61342 | Elf:1    | Identified the +5 dagger "Foathramul" {flame, +Blink rC+}
 61605 | Elf:1    | Found Efitaag's Weapon Shop.
 62454 | Elf:2    | Reached skill level 9 in Transmutations
 62454 | Elf:2    | Reached skill level 8 in Earth Magic
 63505 | Elf:2    | Reached skill level 23 in Fighting
 64089 | Elf:2    | Found a huge runed translucent gate.
 64089 | Elf:2    | Found a huge runed translucent gate.
 64089 | Elf:2    | Found a huge runed translucent gate.
 64089 | Elf:2    | Found a huge runed translucent gate.
 64091 | Elf:2    | Found a huge runed translucent gate.
 64301 | Elf:2    | Reached skill level 9 in Earth Magic
 64397 | Elf:2    | Reached skill level 10 in Transmutations
 64796 | Elf:2    | Reached XP level 22. HP: 202/260 MP: 36/36
 65235 | Elf:3    | Entered Level 3 of the Elven Halls
 65324 | Elf:3    | Found a runed translucent gate.
 65324 | Elf:3    | Found a runed translucent gate.
 65733 | Elf:3    | Paralysed by an air elemental for 1 turns
 66060 | Elf:3    | Found a viscous altar of Jiyva.
 66060 | Elf:3    | Found a runed translucent gate.
 66060 | Elf:3    | Noticed Haados's ghost (adept MiBe)
 66068 | Elf:3    | Reached skill level 10 in Earth Magic
 66080 | Elf:3    | Killed Haados's ghost
 66309 | Elf:3    | Identified a potion of experience
 66309 | Elf:3    | Reached skill level 8 in Conjurations
 66309 | Elf:3    | Reached XP level 23. HP: 269/269 MP: 37/37
 67146 | Elf:3    | Identified the ring "Ovimaor" {Str+2 SInv}
 67149 | Elf:3    | Identified the +7 falchion of Xom, Summoning {flame, rF+
                  | Will++ Int-2 Dex+2}
 67719 | Elf:3    | Reached skill level 11 in Transmutations
 67838 | Elf:3    | Found the +9 scales of the Dragon King {rPois rF+ rC+
                  | Will+}
 67852 | Elf:3    | Reached skill level 11 in Earth Magic
 67986 | Elf:3    | You add the spells Foxfire and Fire Storm to your library.
 67986 | Elf:3    | Got Qusi's Tome of the Twisted Arsonist
 67994 | Elf:3    | Identified the +1 mace of the Eleven Wars {holy, +Blink
                  | rPois}
 67996 | Elf:3    | Got the Reference Book on Evil Arts and Contamination
 67999 | Elf:3    | You pick up a book of Unlife and begin reading...
 68523 | Crypt:1  | Entered Level 1 of the Crypt
 69435 | Crypt:1  | Noticed Margery
 69940 | Vaults:3 | Killed Margery
 70039 | Vaults:3 | Reached skill level 24 in Fighting
 70187 | Vaults:3 | Bought a book of Burglary for 260 gold pieces
 70187 | Vaults:3 | You pick up a book of Burglary and begin reading...
 70190 | Vaults:3 | Learned a level 2 spell: Passwall
 70820 | Crypt:1  | Found a corrupted altar of Lugonu.
 70822 | Crypt:1  | Found a one-way gate to the infinite horrors of the Abyss.
 71046 | Crypt:1  | Noticed Xtahua
 71056 | Crypt:1  | HP: 80/352 [Xtahua/searing blast (63)]
 71066 | Crypt:1  | HP: 77/352 [jiangshi (13)]
 71454 | Crypt:1  | Killed Xtahua
 71461 | Vaults:3 | Reached skill level 12 in Transmutations
 71634 | Crypt:1  | Reached skill level 12 in Earth Magic
 71642 | Crypt:1  | Corrupted Crypt:1
 71654 | Crypt:1  | HP: 71/344 [??? (19)]
 71656 | Crypt:1  | HP: 32/344 [freezing wraith (7)]
 71656 | Crypt:1  | HP: 8/344 [jiangshi[a vampire mage] (17)]
 71675 | Abyss:1  | HP: 43/344 [large slime creature (6)]
 71680 | Abyss:1  | HP: 36/344 [starcursed mass (1)]
 71685 | Abyss:1  | HP: 31/344 [death knight/+2 vorpal battleaxe (6)]
 71686 | Abyss:1  | HP: 4/344 [death knight/+2 vorpal battleaxe (28)]
 71686 | Abyss:1  | Slain by a death knight

Vanquished Creatures
  Margery (Vaults:3)
  Xtahua (Crypt:1)
  Jorgrun (D:14)
  Mlioglotl (Snake:1)
  2 deep elf master archers (Elf:3)
  An acid blob (Elf:3)
  3 deep elf blademasters
  The ghost of Haados the Executioner, an adept MiBe of Trog (Elf:3)
  A kraken (Shoals:3)
  An ancient champion (Vaults:3)
  Kirke (Snake:1)
  3 sphinxes
  5 nagarajas
  Donald (Vaults:1)
  Ilsuiw (Shoals:1)
  Roxanne (Shoals:1)
  A revenant (Vaults:3)
  6 deep elf sorcerers
  Aizul (Snake:1)
  An orc warlord (Orc:1)
  Louise (Shoals:3)
  7 vault wardens
  3 deep elf elementalists (Elf:3)
  A ghoul (Crypt:1)
  2 quicksilver oozes (Elf:3)
  13 ironbound preservers
  2 war gargoyles
  A stone giant (Vaults:3)
  9 deep elf demonologists
  8 ironbound thunderhulks
  6 deep elf annihilators (Elf:3)
  6 dire elephants
  An entropy weaver (Vaults:1)
  A quicksilver dragon zombie (Crypt:1)
  2 crystal guardians
  10 jiangshi
  8 deep elf death magi
  4 merfolk javelineers
  7 merfolk impalers
  17 yaktaur captains
  2 deep elf high priests (Elf:3)
  An ogre mage (Volcano)
  2 boulder beetles
  9 great orbs of eyes
  3 peacekeepers
  4 vault guards
  5 hydras
  3 ironbound frosthearts
  5 merfolk avatars
  3 salamander tyrants
  3 catoblepae
  3 merfolk aquamancers
  9 centaur warriors
  5 anacondas
  36 dancing weapons
  8 naga warriors
  10 satyrs
  4 death knights
  A spriggan skeleton (Crypt:1)
  3 death yaks (Shoals:2)
  12 two-headed ogres
  3 orc high priests (Orc:2)
  A tengu warrior (D:14)
  4 vampire magi
  14 naga sharpshooters
  6 shock serpents
  18 deep elf knights
  6 hell knights
  A sun demon (Lair:6)
  Nergalle (Lair:4)
  16 skeletal warriors
  Amaemon (D:8)
  32 deep trolls
  6 salamander mystics (Snake:4)
  3 starcursed masses (Abyss:1)
  10 deep elf archers
  A glowing orange brain (Vaults:2)
  20 sea snakes
  Pikel (D:4)
  4 phantasmal warriors
  An obsidian statue (Volcano)
  14 ironbound convokers
  4 naga ritualists
  11 wizards
  30 deep elf zephyrmancers
  A tengu zombie (Vaults:2)
  A golden dragon skeleton (Crypt:1)
  12 lindwurms
  4 orc knights
  14 harpies
  39 deep elf pyromancers
  38 ugly things
  9 manticores
  2 oklob plants (Shoals:2)
  6 necromancers
  7 mana vipers
  8 cyclopes
  12 salamanders
  A shining eye (shapeshifter) (D:15)
  A stone giant zombie (Vaults:2)
  27 fauns
  6 orc sorcerers
  An iron dragon zombie (Crypt:1)
  A manticore (shapeshifter) (D:14)
  5 elephants
  An elf zombie (Vaults:2)
  3 guardian serpents
  A stone giant skeleton (Crypt:1)
  10 merfolk sirens
  A human skeleton (Vaults:2)
  11 water nymphs
  An eye of devastation (Elf:3)
  25 black mambas
  2 centaur zombies (D:15)
  A smoke demon (Lair:6)
  6 vault sentinels
  An ice statue (IceCv)
  9 naga magi
  2 orange demons
  16 cane toads
  4 rime drakes
  An unseen horror (D:12)
  A komodo dragon (shapeshifter) (Elf:3)
  49 yaktaurs
  3 centaur skeletons
  An alligator snapping turtle skeleton (Crypt:1)
  6 freezing wraiths
  15 komodo dragons
  2 kobold demonologists (D:12)
  An entropy weaver simulacrum (IceCv)
  10 ice devils
  3 anaconda simulacra (IceCv)
  A yaktaur skeleton (Vaults:2)
  A tengu conjurer (D:14)
  8 trolls
  3 red devils (Lair:6)
  A queen bee (shapeshifter) (D:15)
  A wind drake (shapeshifter) (Elf:2)
  7 wind drakes
  32 merfolk
  A polar bear (Lair:6)
  22 blink frogs
  14 dream sheep
  23 slime creatures
  15 snapping turtles
  A harpy skeleton (Crypt:1)
  5 flying skulls
  A fire dragon skeleton (Crypt:1)
  14 water elementals
  Sigmund (D:6)
  2 shadows
  4 centaur simulacra
  8 air elementals
  7 wyverns
  5 wraiths
  4 dire elephant simulacra (IceCv)
  2 vampires (D:11)
  Eustachio (D:4)
  3 hogs (Snake:1)
  6 fire bats (Volcano)
  53 yaks
  3 basilisks
  2 death yak simulacra (IceCv)
  5 golden eyes (Elf:3)
  2 steam dragons (D:8)
  2 fire elementals (Elf:3)
  3 vampire mosquitoes (D:14)
  Menkaure (D:4)
  38 nagas
  A harpy simulacrum (IceCv)
  4 wargs (Orc:2)
  21 water moccasins
  4 acid dragons
  A deep troll skeleton (Crypt:1)
  5 hell hounds
  30 orc warriors
  2 ice beasts
  7 black bears
  A sky beast (D:8)
  4 ogres
  25 centaurs
  7 phantoms
  36 wolves
  3 kobold brigands
  A lemure (D:4)
  12 bullfrogs
  5 cane toad simulacra (IceCv)
  4 earth elementals
  A salamander skeleton (Crypt:1)
  4 scorpions
  4 wights (D:7)
  A yak skeleton (Crypt:1)
  4 elephant simulacra (IceCv)
  5 killer bees (D:10)
  3 howler monkeys
  A troll skeleton (Crypt:1)
  6 electric eels
  6 lava snakes (Volcano)
  A crimson imp (D:6)
  A quasit (Abyss:1)
  4 hounds
  3 jellies
  24 orc priests
  A gnoll shaman (D:5)
  3 iguanas
  24 orc wizards
  4 hell rats (Lair:6)
  7 polar bear simulacra (IceCv)
  2 spriggan simulacra (IceCv)
  2 wolf simulacra (IceCv)
  6 gnolls
  A howler monkey skeleton (Crypt:1)
  8 adders
  A naga simulacrum (IceCv)
  A swamp drake skeleton (Crypt:1)
  15 white imps
  3 ufetubi
  A worm (D:2)
  3 dart slugs
  74 orcs
  2 bats
  11 endoplasms
  4 giant cockroaches
  4 goblins
  6 hobgoblins
  2 jackals (D:3)
  6 kobolds
  2 quokkas
  7 ball pythons
  2 frilled lizards
  2 rats
  2 plants
  2 tentacles (Shoals:3)
1614 creatures vanquished.

Vanquished Creatures (others)
  A jiangshi (Crypt:1)
  A necromancer (Crypt:1)
  A freezing wraith (Crypt:1)
  4 foxfires (Crypt:1)
  33 fungi
  A lurking horror (Crypt:1)
  350 plants
  4 starspawn tentacles (Crypt:1)
  14 tentacles (Shoals:3)
409 creatures vanquished.

Grand Total: 2023 creatures vanquished

Table legend:
 A = Non-vault XP
 B = Vault XP
 C = Vault XP percentage of total XP
 D = Non-vault monster count
 E = Vault monster count
 F = Vault count percentage of total count
                 A         B        C        D         E       F
            +---------+---------+-------+---------+---------+-------
      Total |  415868 |  293770 |  41.4 |    1019 |     610 |  37.4
            +---------+---------+-------+---------+---------+-------
        D:1 |      27 |       0 |   0.0 |      14 |       0 |   0.0
        D:2 |      68 |       0 |   0.0 |      18 |       0 |   0.0
        D:3 |      42 |       0 |   0.0 |       9 |       0 |   0.0
        D:4 |     362 |    1057 |  74.5 |      23 |       3 |  11.5
        D:5 |     489 |       0 |   0.0 |      10 |       0 |   0.0
        D:6 |     587 |    1736 |  74.7 |      11 |      20 |  64.5
        D:7 |    1005 |       0 |   0.0 |      21 |       0 |   0.0
        D:8 |    1849 |    1157 |  38.5 |      14 |       2 |  12.5
        D:9 |    1176 |       0 |   0.0 |       4 |       0 |   0.0
       D:10 |    3314 |     555 |  14.3 |      16 |       4 |  20.0
       D:11 |    3250 |    3538 |  52.1 |       9 |      21 |  70.0
       D:12 |    5927 |       0 |   0.0 |      14 |       0 |   0.0
       D:13 |    9779 |       0 |   0.0 |      24 |       0 |   0.0
       D:14 |   18117 |    3677 |  16.9 |      39 |       3 |   7.1
       D:15 |   12023 |    5048 |  29.6 |      25 |      10 |  28.6
     Lair:1 |    4177 |       0 |   0.0 |      21 |       0 |   0.0
     Lair:2 |    6414 |    2743 |  30.0 |      29 |      31 |  51.7
     Lair:3 |    3799 |    1144 |  23.1 |      17 |       8 |  32.0
     Lair:4 |    6008 |    2113 |  26.0 |      22 |       6 |  21.4
     Lair:5 |    6652 |    1947 |  22.6 |      25 |       5 |  16.7
     Lair:6 |    7186 |   11105 |  60.7 |      30 |      38 |  55.9
   Shoals:1 |   13866 |    8923 |  39.2 |      35 |       9 |  20.5
   Shoals:2 |   19182 |    7164 |  27.2 |      41 |      11 |  21.2
   Shoals:3 |   17991 |    1920 |   9.6 |      34 |       3 |   8.1
   Shoals:4 |   10671 |   17517 |  62.1 |      28 |      30 |  51.7
    Snake:1 |    8893 |    5163 |  36.7 |      19 |       6 |  24.0
    Snake:2 |   10834 |     998 |   8.4 |      24 |       2 |   7.7
    Snake:3 |   17596 |    3312 |  15.8 |      32 |       4 |  11.1
    Snake:4 |   13039 |   28415 |  68.5 |      27 |      44 |  62.0
      Orc:1 |    2620 |    2801 |  51.7 |      34 |       8 |  19.0
      Orc:2 |    3192 |    8243 |  72.1 |      29 |      71 |  71.0
      Elf:1 |   25215 |    5801 |  18.7 |      40 |      13 |  24.5
      Elf:2 |   23798 |   30027 |  55.8 |      38 |      40 |  51.3
      Elf:3 |   11174 |   45837 |  80.4 |      20 |      48 |  70.6
   Vaults:1 |   47347 |   24363 |  34.0 |      67 |      38 |  36.2
   Vaults:2 |   22109 |   11446 |  34.1 |      33 |      18 |  35.3
   Vaults:3 |   36824 |   29729 |  44.7 |      44 |      35 |  44.3
   Vaults:4 |   21397 |    5198 |  19.5 |      35 |       6 |  14.6
    Crypt:1 |   17869 |    4316 |  19.5 |      35 |       3 |   7.9
    Abyss:1 |       0 |       0 |   N/A |       9 |       1 |  10.0
      IceCv |       0 |   10255 | 100.0 |       0 |      51 | 100.0
    Volcano |       0 |    6522 | 100.0 |       0 |      18 | 100.0
            +---------+---------+-------+---------+---------+-------

Illustrated notes

Table legend:
 A = Kills in this place as a percentage of kills in entire the game.
 B = Kills by you in this place as a percentage of kills by you in the entire game.
 C = Kills by friends in this place as a percentage of kills by friends in the entire game.
 D = Other kills in this place as a percentage of other kills in the entire game.
 E = Experience gained in this place as a percentage of experience gained in the entire game.
 F = Experience gained in this place divided by the number of levels of this place that you have seen.
                   A       B       C       D       E      F
               +-------+-------+-------+-------+-------+----------------------
         Total | 100.0 | 100.0 |   N/A | 100.0 | 100.0 | 15769.7
       Dungeon |  19.3 |  18.9 |   N/A |  50.0 |  10.5 | 4985.5
          Lair |  14.2 |  14.3 |   N/A |  10.0 |   7.5 | 8881.3
        Shoals |  11.7 |  11.9 |   N/A |   0.0 |  13.7 | 24308.5
     Snake Pit |   9.7 |   9.7 |   N/A |  10.0 |  12.4 | 22062.5
  Orcish Mines |   8.7 |   8.8 |   N/A |   0.0 |   2.4 | 8428.0
   Elven Halls |  12.2 |  12.3 |   N/A |   5.0 |  20.0 | 47284.0
        Vaults |  16.9 |  17.2 |   N/A |   0.0 |  28.0 | 49603.2
         Crypt |   2.3 |   2.3 |   N/A |   5.0 |   3.1 | 22185.0
         Abyss |   0.6 |   0.5 |   N/A |  10.0 |   0.0 |   0.0
      Ice Cave |   3.1 |   3.1 |   N/A |   5.0 |   1.4 | 10255.0
       Volcano |   1.1 |   1.1 |   N/A |   5.0 |   0.9 | 6522.0
               +-------+-------+-------+-------+-------+----------------------

Table legend: (Time is in decaauts)
 A = Elapsed time spent in this place.
 B = Non-inter-level travel time spent in this place.
 C = Inter-level travel time spent in this place.
 D = Time resting spent in this place.
 E = Time spent auto-exploring this place.
 F = Levels seen in this place.
 G = Mean time per level.
                   A        B        C        D        E       F      G
               +--------+--------+--------+--------+--------+-----+--------+
         Total |  72704 |  68028 |   4676 |  22741 |  27399 |  45 | 1615.6 |
       Dungeon |  22249 |  20597 |   1652 |   4240 |  12469 |  15 | 1483.3 |
          Lair |   8456 |   7498 |    958 |   1338 |   4680 |   6 | 1409.3 |
        Shoals |   9615 |   9427 |    188 |   4821 |   2233 |   4 | 2403.8 |
     Snake Pit |   7257 |   6920 |    337 |   2085 |   2301 |   4 | 1814.2 |
  Orcish Mines |   1989 |   1876 |    113 |    388 |    847 |   2 |  994.5 |
   Elven Halls |   8059 |   7851 |    208 |   3525 |   2072 |   3 | 2686.3 |
        Vaults |  12586 |  11370 |   1216 |   5507 |   2486 |   4 | 3146.5 |
         Crypt |    585 |    585 |      0 |    104 |    132 |   1 |  585.0 |
         Abyss |     70 |     70 |      0 |      0 |      8 |   3 |   23.3 |
        Bazaar |     52 |     52 |      0 |      0 |      0 |   1 |   52.0 |
      Ice Cave |   1382 |   1382 |      0 |    641 |    121 |   1 | 1382.0 |
       Volcano |    400 |    400 |      0 |     89 |     48 |   1 |  400.0 |
               +--------+--------+--------+--------+--------+-----+--------+

Top non-repeatable levels by time:
Vaults:3: 5184 daAuts
Vaults:1: 3313 daAuts
   Elf:3: 3020 daAuts
   Elf:2: 3010 daAuts
Shoals:4: 2710 daAuts
Shoals:3: 2534 daAuts
     D:4: 2443 daAuts
Vaults:2: 2438 daAuts
    D:14: 2330 daAuts
    D:13: 2221 daAuts
Shoals:1: 2211 daAuts
 Snake:3: 2165 daAuts
Shoals:2: 2159 daAuts
    D:11: 2034 daAuts
   Elf:1: 2028 daAuts
